Map: King's Cove LE

Players

Smeeeger - Winner!

  • Race: Zerg Zerg
  • League: Platinum
  • Spawn Location: 11:00

dreddllama

  • Race: Zerg Zerg
  • League: Platinum
  • Spawn Location: 5:00

VOD

Have the link to the VOD?

Description

Time

  • Played on: July 19, 2019, 1:38 p.m.
  • Length: 11:39
Show
View Real Time Build Order
Export as new Build Order

Smeeeger Zerg - Winner!

Build Orders: Hatch First 

Get SALT Encoding   

  12  0:01  Drone  
  13  0:13  Overlord  
  13  0:18  Drone  
  14  0:32  Drone x2  
  16  0:36  Drone  
  17  0:48  Drone  
  18  0:59  Hatchery  
  18  1:02  Drone, Extractor  
  17  1:17  Spawning Pool  
  16  1:19  Drone  
  16  1:22  Drone  
  18  1:30  Drone  
  19  1:41  Overlord  
  19  2:03  Queen  
  19  2:04  Zergling x2  
  19  2:05  Zergling x2  
  23  2:11  Queen  
  23  2:12  Zergling x2  
  26  2:17  Drone  
  27  2:24  Metabolic Boost  
  27  2:26  Drone  
  28  2:33  Drone  
  28  2:34  Drone  
  30  2:41  Drone  
  31  2:46  Queen  
  31  2:50  Drone  
  31  2:51  Drone  
  35  2:55  Overlord x2  
  35  3:05  Drone  
  36  3:17  Drone x3, Roach Warren  
  36  3:19  Evolution Chamber  
  37  3:28  Drone x2  
  37  3:29  Zergling x2  
  37  3:30  Zergling x6  
  43  3:41  Lair  
  43  3:44  Drone x2  
  45  3:53  Drone x3  
  45  3:54  Drone x2  
  50  3:56  Overlord x2  
  50  4:12  Drone x2  
  50  4:13  Overlord  
  50  4:14  Overlord  
  53  4:24  Drone x2  
  53  4:27  Overlord  
  53  4:45  Zerg Missile Weapons Level 1  
  51  4:47  Roach x2, Extractor  
  51  4:48  Extractor  
  49  4:53  Roach  
  49  4:57  Drone  
  49  4:58  Drone  
  53  5:04  Roach  
  53  5:06  Zergling x2  
  58  5:07  Zergling x4  
  58  5:25  Hatchery  
  58  5:27  Pneumatized Carapace  
  59  5:28  Roach  
  59  5:29  Roach  
  59  5:34  Zergling x12  
  67  5:47  Roach  
  67  5:48  Roach x5  
  79  5:52  Overlord x2  
  79  5:53  Overseer  
  79  6:06  Roach x2  
  75  6:12  Roach x2  
  75  6:13  Roach x2  
  78  6:19  Queen  
  80  6:33  Extractor  
  80  6:35  Drone x3  
  80  6:36  Drone x2  
  84  6:43  Zergling x4  
  86  6:50  Hydralisk Den  
  86  6:53  Roach, Evolution Chamber  
  86  6:54  Roach x2  
  90  6:55  Queen  
  92  7:11  Roach x2  
  92  7:12  Roach x5  
  92  7:13  Overlord  
  100  7:27  Roach  
  100  7:28  Roach x2  
  94  7:31  Roach x5  
  87  7:45  Zergling x6  
  84  7:59  Zergling x10  
  84  8:05  Spine Crawler  
  73  8:06  Spine Crawler  
  73  8:07  Spine Crawler x2  
  73  8:10  Spine Crawler x2  
  73  8:11  Spine Crawler  
  57  8:13  Spine Crawler  
  54  8:24  Zergling x16  
  49  8:33  Spine Crawler  
  42  8:41  Zergling x6  
  42  8:47  Zergling x2  
  42  9:02  Zergling x2  
  33  9:18  Zergling x2  
  32  9:27  Drone  
  32  9:58  Spawning Pool  
  31  10:03  Hatchery  
  29  10:22  Drone  
  26  10:43  Hatchery  
  25  10:50  Spore Crawler  
  25  10:52  Spore Crawler  
  23  11:15  Drone x4  
  23  11:16  Drone  
Show
View Real Time Build Order
Export as new Build Order

dreddllama Zerg 

Build Orders: Hatch First 

Get SALT Encoding   

  12  0:01  Drone  
  13  0:13  Overlord  
  13  0:19  Drone  
  14  0:31  Drone x2  
  14  0:35  Drone  
  17  0:56  Hatchery  
  16  1:00  Drone x2  
  18  1:14  Spawning Pool  
  17  1:18  Drone  
  17  1:20  Drone  
  19  1:30  Drone  
  20  1:44  Extractor  
  19  1:51  Overlord  
  19  1:53  Drone  
  20  2:06  Drone  
  20  2:07  Queen  
  23  2:09  Queen  
  23  2:10  Drone  
  23  2:13  Drone  
  27  2:19  Drone  
  28  2:24  Drone  
  29  2:33  Drone x2  
  31  2:39  Spine Crawler  
  31  2:43  Drone  
  31  2:54  Lair  
  31  2:56  Drone x3  
  34  3:04  Drone  
  35  3:13  Overlord  
  35  3:16  Hatchery, Queen  
  36  3:22  Roach Warren  
  36  3:24  Extractor  
  36  3:25  Drone, Extractor  
  34  3:30  Drone x2  
  34  3:31  Drone  
  34  3:32  Drone  
  38  3:37  Drone x2  
  38  3:39  Drone  
  41  3:41  Drone  
  41  3:47  Drone  
  43  3:51  Drone  
  44  3:59  Overlord  
  44  4:11  Overlord x2  
  45  4:18  Roach  
  45  4:19  Roach x3  
  52  4:36  Roach x2  
  53  4:40  Roach x3  
  53  4:44  Roach x3  
  53  4:45  Roach  
  67  4:51  Roach  
  67  4:56  Glial Reconstitution  
  67  5:11  Overlord  
  67  5:12  Overlord  
  67  5:18  Hatchery  
  67  5:20  Roach  
  68  5:28  Overlord x2  
  68  5:31  Drone  
  68  5:32  Drone x3  
  72  5:40  Roach x2  
  72  5:41  Roach x2  
  80  5:49  Roach x3  
  86  6:09  Roach  
  86  6:10  Roach x4  
  84  6:25  Roach x3  
  84  6:35  Overlord  
  84  6:36  Roach  
  84  6:37  Roach  
  88  6:46  Evolution Chamber  
  87  6:49  Ravager x4  
  93  7:01  Roach  
  93  7:02  Roach x3, Overlord  
  99  7:09  Drone x2  
  86  7:41  Roach  
  86  7:42  Roach x9  
  86  7:43  Roach  
  96  7:49  Roach  
  79  8:02  Roach  
  79  8:03  Roach x2  
  65  8:11  Roach  
  48  8:25  Drone  
  48  8:26  Drone x4  
  38  9:01  Zergling x2  
  38  9:02  Zergling x16  
  20  9:19  Drone x2  
  7  9:50  Zergling x6  
  7  9:51  Zergling x6  
  8  10:03  Hatchery  
  6  10:09  Drone  
  6  10:10  Drone  
  5  10:22  Drone  
  5  10:23  Drone x2  
  7  10:32  Zergling x2  
  8  10:37  Drone  
  8  10:38  Drone  
  9  10:46  Zergling x4  
  3  11:10  Drone x2  
Tags
 
Add a new tag
Caveats
  • Supply blocks, unpowered buildings, or Contaminate may cause inaccurate times.
  • Supply counts are checked every 10 seconds.